 Dungeon Crawl Stone Soup version 0.14-a0-2432-g6b3afca (webtiles) character file.

797 Egon the Skirmisher (level 7, 30/62 HPs)
             Began as a Pale Draconian Berserker on Feb 4, 2014.
             Was a Priest of Trog.
             Quit the game on Level 4 of the Dungeon.
             The game lasted 00:08:04 (3127 turns).

Egon the Skirmisher (Pale Draconian Berserker)      Turns: 3127, Time: 00:08:04

HP  30/62        AC 13     Str 17      XL: 7   Next: 24%
MP   7/7         EV 14     Int  8      God: Trog [***...]
Gold 163         SH  0     Dex 15 (18) Spells:  0 memorised,  6 levels left

rFire  . . .     SeeInvis .     a - +0 hand axe
rCold  . . .     Clarity  .     (armour unavailable)
rNeg   . . .     Conserve .     (no shield)
rPois  .         rCorr    .     (helmet restricted)
rElec  .         rRot     .     w - +0 cloak
SustAb . .       Spirit   .     (no gloves)
rMut   .         Warding  .     (no boots)
Saprov . . .     Stasis   .     (no amulet)
MR     .....                    n - +6 ring of dexterity
                                k - +6 ring of protection

@: very slightly contaminated, not resistant to hostile enchantments, unstealthy
A: breathe steam, unfitting armour, breathe flames 1, weak 1, AC +6
a: Breathe Steam, Burn Spellbooks, Berserk, Trog's Hand, Renounce Religion,
Breathe Fire


You were on level 4 of the Dungeon.
You worshipped Trog.
Trog was most pleased with you.
You were hungry.

You visited 1 branch of the dungeon, and saw 4 of its levels.

You collected 163 gold pieces.

Inventory:

Hand weapons
 a - a +0,+0 hand axe (weapon)
Armour
 w - a +0 cloak (worn)
Magical devices
 f - a wand of confusion (0)
 m - a wand of digging (7) {unknown}
 t - a wand of slowing (12)
 u - a wand of polymorph (3)
Comestibles
 c - a bread ration
 x - a rotting chunk of bat flesh
 z - an apple
Scrolls
 b - 2 scrolls of fog {unknown}
 e - 2 scrolls of curse armour {unknown}
 g - a scroll of enchant armour {unknown}
 h - 3 scrolls of identify {unknown}
 i - 2 scrolls of immolation {unknown}
 l - a scroll of fear {unknown}
 r - 2 scrolls of random uselessness {unknown}
Jewellery
 d - an uncursed ring of protection from magic {unknown}
 k - a +6 ring of protection (left hand)
 n - a +6 ring of dexterity (right hand)
Potions
 p - 3 potions of speed {unknown}
 q - a potion of agility {unknown}
 s - a potion of cure mutation {unknown}
 v - a potion of heal wounds {unknown}
 A - a potion of curing


   Skills:
 + Level 5.9 Fighting
 + Level 5.6 Axes
 + Level 4.7 Dodging


You had 6 spell levels left.
You didn't know any spells.

Dungeon Overview and Level Annotations

Branches:
Dungeon (4/16)
 Temple: D:4-7

Altars:
Ashenzari
Cheibriados
Makhleb
Sif Muna
Vehumet
Xom
Yredelemnul


Innate Abilities, Weirdness & Mutations

You can breathe blasts of scalding steam.
Your pale cyan-grey scales are hard (AC +6).
Your body does not fit into most forms of armour.
Your cold-blooded metabolism reacts poorly to cold.
You can breathe flames.
You are weak. (Str -2)


Message History

The crimson imp is severely wounded.
You barely miss the crimson imp.
Your tail-slap misses the crimson imp.
The crimson imp is severely wounded.
The crimson imp closely misses you.
You closely miss the crimson imp.
Your tail-slap misses the crimson imp.
The crimson imp is severely wounded.
The crimson imp hits you but does no damage.
You miss the crimson imp. You tail-slap the crimson imp.
The crimson imp is almost dead.
The crimson imp closely misses you.
You hit the crimson imp.
You kill the crimson imp!
Trog accepts your kill.
No target in view!
No target in view!
No target in view!
No target in view!
Eat which item? (? for menu, Esc to quit)
Okay, then.
Are you sure you want to abandon this character and quit the game? (Confirm with "yes".)

...........##.........
............#.........
..............#.).......
..............##.........
...............#..%.......
...........................
...$...........#...........
..............###..........
...........@..#####.........
........)..)...###..........
........).......#...........
........)...................
............................
..............).[..........
..............)))..........
...........................
..........................


There were no monsters in sight!

Vanquished Creatures
  Grinder (D:3)
  2 ogres (D:4)
  A crimson imp (D:4)
  Crazy Yiuf (D:3)
  Natasha (twice) (D:3)
  An iguana (D:4)
  2 adders (D:3)
  3 worms
  A giant eyeball (D:4)
  2 oozes (D:1)
  9 orcs (D:4)
  2 ball pythons
  2 bat skeletons (D:4)
  2 giant cockroaches (D:1)
  7 goblins
  10 hobgoblins
  14 bats
  5 giant newts
  9 kobolds
  5 quokkas
  10 rats
91 creatures vanquished.

Notes
Turn   | Place    | Note
--------------------------------------------------------------
     0 | D:1      | Egon, the Draconian Berserker, began the quest for the Orb.
     0 | D:1      | Reached XP level 1. HP: 19/19 MP: 1/1
   269 | D:1      | Reached XP level 2. HP: 20/26 MP: 2/2
   620 | D:1      | Acquired Trog's second power
   700 | D:1      | Reached XP level 3. HP: 22/33 MP: 3/3
  1752 | D:2      | Reached skill level 4 in Fighting
  1788 | D:2      | Found a shattered altar of Ashenzari.
  1793 | D:2      | Found a radiant altar of Vehumet.
  1793 | D:2      | Found a deep blue altar of Sif Muna.
  1802 | D:2      | Found a shimmering altar of Xom.
  1902 | D:2      | Found a burning altar of Makhleb.
  2128 | D:3      | Reached XP level 4. HP: 27/40 MP: 4/4
  2360 | D:3      | Noticed Grinder
  2360 | D:3      | Paralysed by Grinder for 6 turns
  2391 | D:3      | Killed Grinder
  2391 | D:3      | Reached skill level 5 in Fighting
  2391 | D:3      | Reached XP level 5. HP: 48/48 MP: 5/5
  2391 | D:3      | Reached XP level 6. HP: 56/56 MP: 6/6
  2539 | D:3      | Noticed Natasha
  2548 | D:3      | Killed Natasha
  2650 | D:3      | Found a basalt altar of Yredelemnul.
  2667 | D:3      | Found a snail-covered altar of Cheibriados.
  2722 | D:3      | Noticed Crazy Yiuf
  2801 | D:3      | Killed Crazy Yiuf
  2801 | D:3      | Reached skill level 5 in Axes
  2845 | D:3      | Noticed Natasha
  2853 | D:3      | Killed Natasha
  2881 | D:4      | Paralysed by a giant eyeball for 2 turns
  3043 | D:4      | Your scales start fading to a pale cyan-grey colour.
  3043 | D:4      | Reached XP level 7. HP: 62/62 MP: 7/7
  3061 | D:4      | Gained mutation: You can breathe flames. [potion of mutation]
  3061 | D:4      | Gained mutation: You are weak. (Str -2) [potion of mutation]
  3127 | D:4      | Quit the game

Action                   |  1- 3 |  4- 6 |  7- 9 || total
-------------------------+-------+-------+-------++-------
Melee: Hand axe          |   183 |    96 |    52 ||   331
       Unarmed           |       |     5 |       ||     5
Invok: Berserk           |       |     4 |       ||     4
       Trog's Hand       |       |     3 |       ||     3
 Abil: Breathe Fire      |       |       |     1 ||     1
  Use: Potion            |       |     2 |     2 ||     4
 Stab: Sleeping          |     1 |       |       ||     1
       Invisible         |       |       |     4 ||     4
